 Dungeon Crawl Stone Soup version 0.28.0 (webtiles) character file.

Game seed: 17347068462372809614

51 horus123 the Sneak (level 3, -9/26 (27) HPs)
             Began as a Demonspawn Wanderer on Feb 15, 2022.
             Splashed by a jelly's acid (12 damage)
             ... on level 3 of the Dungeon.
             The game lasted 00:04:42 (2131 turns).

horus123 the Sneak (Demonspawn Wanderer)            Turns: 2131, Time: 00:04:43

HP:   -9/26 (27)    AC:  0    Str: 13    XL:     3   Next: 58%
MP:   3/3           EV: 11    Int: 12    God:
Gold: 39            SH:  0    Dex: 14    Spells: 2/2 levels left

rFire   . . .      SeeInvis .   q - +1 dagger (drain)
rCold   . . .      Faith    .   (no shield)
rNeg    . . .      Spirit   .   h - +0 leather armour
rPois   .          Reflect  .   (no helmet)
rElec   .          Harm     .   (no cloak)
rCorr   .          Rampage  .   (no gloves)
Will    .....                   (no boots)
Stlth   ++........              (no amulet)
HPRegen 0.08/turn               (no ring)
MPRegen 0.08/turn               (no ring)

@: corroded, lightly drained
A: rugged brown scales 1
a: no special abilities


You were on level 3 of the Dungeon.
You visited 1 branch of the dungeon, and saw 3 of its levels.

You collected 39 gold pieces.

Inventory:

Hand Weapons
 d - a +0 shortbow
 q - a +1 dagger of draining (weapon)
Missiles
 b - an atropa-tipped dart
 c - 2 datura-tipped darts
 e - 44 arrows
 f - 5 poisoned darts (quivered)
 i - 2 curare-tipped darts
 m - 30 sling bullets
Armour
 h - a +0 leather armour (worn)
Potions
 j - a potion of ambrosia {unknown}
 k - a potion of curing {unknown}
 l - a potion of mutation {unknown}
 n - 3 potions of flight {unknown}
 o - a potion of heal wounds {unknown}
 r - a potion of brilliance {unknown}


   Skills:
 - Level 2.2 Fighting
 - Level 1.0 Short Blades
 - Level 1.0 Bows
 + Level 1.7 Throwing
 - Level 1.0 Dodging
 - Level 4.0 Stealth
 - Level 1.2 Invocations
 - Level 1.0 Evocations


You had 2 spell levels left.
You didn't know any spells.
Your spell library contained the following spells:

 Spells                   Type           Power      Damage    Failure   Level
 Animate Skeleton         Necr           0%         N/A       38%         1
 Apportation              Tloc           0%         N/A       38%         1
 Summon Small Mammal      Summ           0%         N/A       38%         1
 Ozocubu's Armour         Ice            0%         N/A       77%         3
 Ozocubu's Refrigeration  Ice            0%         4d5       100%        7


Dungeon Overview and Level Annotations

Branches:
Dungeon (3/15)

Altars:


Innate Abilities, Weirdness & Mutations

You are partially covered in rugged brown scales. (AC +1, +3% HP)


Message History

n - 3 puce potions (gained 2)
f - 11 poisoned darts (gained 1)
f - 12 poisoned darts (gained 1)
f - 13 poisoned darts (gained 1)
Things that are here:
a +0 dagger; a +0 dagger
Found a stone staircase leading down.
There is a stone staircase leading down here.
Done exploring.
Done exploring.
(D) Dungeon
Where to? (Enter - D:2, ? - help)
What level of the Dungeon? (default 1, ? - help)
There is a stone staircase leading down here.
You climb downwards.
There is a stone staircase leading up here.
Okay, then.
A jelly comes into view.
The jelly quivers.
You throw a poisoned dart. The poisoned dart hits the jelly.
You throw a poisoned dart. The poisoned dart hits the jelly.
You throw a poisoned dart. The poisoned dart hits the jelly.
You throw a poisoned dart. The poisoned dart hits the jelly.
You throw a poisoned dart. The poisoned dart hits the jelly.
The jelly is poisoned.
You throw a poisoned dart. The poisoned dart hits the jelly.
You throw a poisoned dart. The poisoned dart hits the jelly.
The jelly looks even sicker.
The jelly hits you. The acid corrodes you!
You are splashed with acid!
You throw a poisoned dart. The poisoned dart hits the jelly.
The jelly is lightly wounded.
The jelly hits you.
You are splashed with acid!
* * * LOW HITPOINT WARNING * * *
You hit the jelly. You drain the jelly.
Your hands burn!
* * * LOW HITPOINT WARNING * * *
The jelly is moderately wounded.
The jelly hits you.
* * * LOW HITPOINT WARNING * * *
You are splashed with acid!
You die...

############ ### #
.......##.###.#####.#####
#.#.......#....@J.((....#
.#<#.......#.#.####..(..$#
...............# ...(#..
.###..#.#..###.# #..#(#
......#....# ### ...#!.
####......## ##....
##.....# .... ####### ...


You could see a jelly (poisoned, drained).

Vanquished Creatures
  A worm (D:2)
  A dart slug (D:1)
  4 ball pythons
  A bat (D:1)
  2 endoplasms (D:1)
  A giant cockroach (D:1)
  6 goblins
  2 hobgoblins
  11 jackals
  2 frilled lizards
  7 kobolds
  5 rats
43 creatures vanquished.

Notes
Turn   | Place    | Note
-------+----------+-------------------------------------------
     0 | D:1      | horus123 the Demonspawn Wanderer began the quest for the
                  | Orb.
     0 | D:1      | horus123 set off with the following items: a +0 dagger, an
                  | atropa-tipped dart, 2 datura-tipped darts, a +0 shortbow,
                  | 27 arrows, 9 poisoned darts, a +0 dagger, a +0 leather
                  | armour
     0 | D:1      | Reached XP level 1. HP: 15/15 MP: 1/1
   254 | D:1      | Gained mutation: You are partially covered in rugged brown
                  | scales. (AC +1, +3% HP) [demonic ancestry]
   254 | D:1      | Reached XP level 2. HP: 9/22 MP: 2/2
   654 | D:1      | Reached skill level 1 in Short Blades
  1267 | D:2      | Found a faded altar of an unknown god.
  1273 | D:2      | Reached XP level 3. HP: 24/27 MP: 3/3
  1294 | D:2      | Reached skill level 4 in Stealth
  2131 | D:3      | Splashed by a jelly's acid

Illustrated notes

Levels and vault maps discovered:
D:1:      dpeg_arrival_short_road, layout_loops_ring
D:2:      layout_loops_ring, hellmonk_ecumenical_altar_dog_temple
D:3:      kennysheep_six_static_rooms, layout_loops_cross,
          ebering_ghost_rock_garden, hangedman_decor_slide_cut

Skill      XL: |  1  2  3 |
---------------+----------+-----
Fighting       | 2 |  2.2
Short Blades   | 1 |  1.0
Stealth        | 4 |  4.0
Bows           | |  1.0
Throwing       | |  1.7
Dodging        | |  1.0
Invocations    | |  1.2
Evocations     | |  1.0

Action                   || total
-------------------------++-------
Melee: Dagger            ||    83
       Punch             ||     3
       Short sword       ||    47
Throw: Dart              ||    39
  Use: Scroll            ||     2
 Stab: Sleeping          ||     5
Armor: Leather armour    ||    33
Dodge: Dodged            ||    83
